 Dungeon Crawl Stone Soup version 0.27-a0-1196-g3e9cee4cb2 (webtiles) character file.

Game seed: 14298191713146092576

554 EldarEldrad the Cleaver (level 7, -20/57 HPs)
             Began as a Hill Orc Fighter on May 27, 2021.
             Demolished by an ogre
             ... wielding a +0 giant spiked club
              (25 damage)
             ... on level 4 of the Dungeon.
             The game lasted 00:14:41 (4018 turns).

EldarEldrad the Cleaver (Hill Orc Fighter)          Turns: 4018, Time: 00:14:41

Health: -20/57     AC:  9    Str: 21    XL:     7   Next: 30%
Magic:  7/7        EV:  9    Int:  8    God:
Gold:   105        SH:  0    Dex: 10    Spells: 6/6 levels left

rFire    . . .     SeeInvis .   a - +0 war axe
rCold    . . .     Faith    .   (no shield)
rNeg     . . .     Spirit   .   n - +0 scale mail
rPois    .         Reflect  .   (no helmet)
rElec    .         Harm     .   (no cloak)
rCorr    .         Rampage  .   h - +1 pair of gloves
Will     .....                  (no boots)
Stlth    ..........             (no amulet)
HPRegen  0.19/turn              (no ring)
MPRegen  0.10/turn              (no ring)

@: mighty
A: no striking features
a: no special abilities


You were on level 4 of the Dungeon.
You visited 1 branch of the dungeon, and saw 4 of its levels.
You also visited: Sewer.

You collected 105 gold pieces.

Inventory:

Hand Weapons
 a - a +0 war axe (weapon)
 b - a +0 mace
 g - a +0 hand axe
 s - a +2 vorpal flail
Missiles
 m - a curare-tipped dart
 r - 2 boomerangs of dispersal (quivered)
Armour
 c - a +0 kite shield
 h - a +1 pair of gloves (worn)
 k - a +0 chain mail
 n - a +0 scale mail (worn)
Wands
 f - a wand of flame (17)
Scrolls
 d - a scroll of amnesia {unknown}
 j - 2 scrolls of teleportation
 l - a scroll of immolation {unknown}
 o - 2 scrolls of fear {unknown}
 p - a scroll of acquirement {unknown}
 q - a scroll of torment {unknown}
 w - a scroll of enchant armour {unknown}
 y - a scroll of vulnerability {unknown}
 z - a scroll of blinking {unknown}
Potions
 e - 2 potions of attraction
 i - a potion of berserk rage
 t - a potion of brilliance {unknown}
 v - 2 potions of flight {unknown}
 A - 5 potions of curing


   Skills:
 - Level 3.6 Fighting
 * Level 8.5 Axes
 + Level 5.7 Armour
 - Level 3.2 Shields


You had 6 spell levels left.
You didn't know any spells.
Your spell library contained the following spells:

 Spells                   Type           Power      Damage    Failure   Level
 Confusing Touch          Hex            0%         N/A       97%         3
 Gell's Gravitas          Tloc           0%         N/A       97%         3
 Petrify                  Tmut/Erth      0%         N/A       100%        4
 Metabolic Englaciation   Hex/Ice        0%         N/A       100%        5
 Yara's Violent Unravell  Hex/Tmut       0%         3d3       100%        5


Dungeon Overview and Level Annotations

Branches:
Dungeon (4/15)              Sewer (visited)
 Temple: D:4-7

Altars:


Message History

The hound bites you but does no damage.
You closely miss the hound.
The hound is severely wounded.
The hound bites you but does no damage. The hound bites you.
There is an open door, spattered with blood here.
You slash the hound!
You kill the hound!
You enter the shallow water.
Moving in this stuff is going to be slow.
The ogre closely misses you.
The ogre hits you with a +0 giant spiked club!
The ogre hits you with a +0 giant spiked club!!
* * * LOW HITPOINT WARNING * * *
There is a large open door here.
You feel much better.
The ogre hits you with a +0 giant spiked club!!
* * * LOW HITPOINT WARNING * * *
You feel much better.
You slash the ogre!
The ogre is moderately wounded.
The ogre hits you with a +0 giant spiked club!
You hit the ogre but do no damage.
The ogre is moderately wounded.
The ogre hits you with a +0 giant spiked club!
* * * LOW HITPOINT WARNING * * *
You feel much better. The ogre completely misses you.
You feel very mighty all of a sudden.
The ogre hits you with a +0 giant spiked club!!
Ouch! That really hurt!
* * * LOW HITPOINT WARNING * * *
You slash the ogre!
The ogre is heavily wounded.
You completely miss the ogre.
The ogre is heavily wounded.
The ogre barely misses you.
You hit the ogre.
The ogre is severely wounded.
The ogre hits you with a +0 giant spiked club!!
You die...

..............# #.#
..............# #.#
..............##' #O.
####....†)........#.#
######............
##†.####.###..#. ..O#
##.'##≈≈###≈#....#...##
#..#≈≈≈≈≈≈'.#..#.....$ ...#
#..#≈≈≈≈≈O@≈#...(.)..### ...#
#..'##≈≈###≈#..........
...####....####.###......#.# ..
................^..........##..#
...........>....#.#.........#..#
................#.#............#
....##............#..(..........
..#####...........#.............
#...###...................####..


You could see an ogre.

Vanquished Creatures
  A sky beast (D:3)
  A black bear (D:4)
  A kobold brigand (Sewer)
  A hound (D:4)
  4 orc priests (D:3)
  A centaur skeleton (D:4)
  An orc wizard (D:3)
  An adder (D:2)
  A river rat (D:4)
  An adder skeleton (D:4)
  3 dart slugs
  3 orcs
  6 ball pythons
  3 endoplasms
  7 giant cockroaches
  5 goblins
  7 hobgoblins
  4 jackals (D:1)
  13 kobolds (Sewer)
  2 quokkas
  7 bats
  5 frilled lizards
  2 rats
80 creatures vanquished.

Vanquished Creatures (others)
  7 plants (Sewer)
7 creatures vanquished.

Grand Total: 87 creatures vanquished

Notes
Turn   | Place    | Note
-------+----------+-------------------------------------------
     0 | D:1      | EldarEldrad the Hill Orc Fighter began the quest for the
                  | Orb.
     0 | D:1      | Reached XP level 1. HP: 19/19 MP: 1/1
   129 | D:1      | Reached skill level 3 in Axes
   197 | D:1      | Reached XP level 2. HP: 18/26 MP: 2/2
   745 | D:1      | Reached skill level 4 in Axes
  1029 | D:1      | Reached XP level 3. HP: 31/31 MP: 3/3
  1914 | D:3      | Found a faded altar of an unknown god.
  1995 | D:3      | Noticed a sky beast
  2012 | D:3      | Killed a sky beast
  2013 | D:3      | Reached skill level 5 in Axes
  2013 | D:3      | Reached XP level 4. HP: 3/39 MP: 4/4
  2013 | D:3      | Reached XP level 5. HP: 4/45 MP: 5/5
  2347 | D:3      | Reached skill level 6 in Axes
  2566 | D:3      | HP: 2/45 [orc priest/+0 hand axe (2)]
  2879 | D:3      | Reached XP level 6. HP: 41/51 MP: 6/6
  2969 | D:3      | Reached skill level 7 in Axes
  2969 | D:3      | Reached skill level 5 in Armour
  3105 | D:4      | Found a glowing drain.
  3109 | Sewer    | Entered a sewer
  3867 | D:4      | Noticed a black bear
  3870 | D:4      | Reached XP level 7. HP: 57/57 MP: 7/7
  3872 | D:4      | Reached skill level 8 in Axes
  4018 | D:4      | Demolished by an ogre

Illustrated notes

Levels and vault maps discovered:
D:1:      ebering_trefoil_3fold, layout_loops_corners
D:2:      layout_basic, minmay_misc_feat_plants
D:3:      layout_rooms, basic_ecumenical_altar
D:4:      layout_rooms, grunt_temple_overflow_champion_of_chaos,
          gup_sewer_entry_bowl, chequers_serial_rivers_micro_b,
          grunt_ministairs_15

Skill      XL: |  1  2  3  4  5  6  7 |
---------------+----------------------+-----
Axes           | 3 4 5 6 7 8 |  8.5
Armour         | 4 5 |  5.7
Fighting       | |  3.6
Shields        | |  3.2

Action                   |  1- 3 |  4- 6 |  7- 9 || total
-------------------------+-------+-------+-------++-------
Melee: War axe           |    26 |    21 |    23 ||    70
       Hand axe          |    84 |   161 |       ||   245
  Use: Scroll            |     4 |     1 |       ||     5
       Potion            |     1 |     1 |     4 ||     6
Armor: Scale mail        |    47 |    68 |    14 ||   129
Dodge: Dodged            |    41 |    71 |    13 ||   125

Table legend: (Time is in decaauts)
 A = Elapsed time spent in this place.
 B = Non-inter-level travel time spent in this place.
 C = Inter-level travel time spent in this place.
 D = Time resting spent in this place.
 E = Time spent auto-exploring this place.
 F = Levels seen in this place.
 G = Mean time per level.
                   A        B        C        D        E       F      G
               +--------+--------+--------+--------+--------+-----+--------+
         Total |   4070 |   3958 |    112 |   1202 |   1700 |   5 |  814.0 |
       Dungeon |   3309 |   3197 |    112 |    810 |   1641 |   4 |  827.2 |
         Sewer |    761 |    761 |      0 |    392 |     59 |   1 |  761.0 |
               +--------+--------+--------+--------+--------+-----+--------+

Top non-repeatable levels by time:
     D:3: 1169 daAuts
     D:1: 1166 daAuts
   Sewer: 761 daAuts
     D:2: 603 daAuts
     D:4: 369 daAuts
